 Dungeon Crawl Stone Soup version 0.27.0-1-g7a089689b8 (webtiles) character file.

Game seed: 14904982798066678270

88699 HungrySpirit the Fencer (level 16, 0/208 HPs)
             Began as a Human Arcane Marksman on July 31, 2021.
             Was a High Priest of Okawaru.
             Succumbed to an orange demon's poison
             ... on level 12 of the Dungeon.
             The game lasted 00:54:53 (40061 turns).

HungrySpirit the Fencer (Human Arcane Marksman)    Turns: 40061, Time: 00:54:53

Health: 0/208      AC: 19    Str: 17    XL:     16   Next: 41%
Magic:  22/22      EV: 16    Int: 13    God:    Okawaru [*****.]
Gold:   248        SH:  6    Dex: 22    Spells: 17/17 levels left

rFire    + . .     SeeInvis .   z - +4 scimitar (flame)
rCold    + . .     Faith    .   l - +0 buckler
rNeg     + . .     Spirit   .   g - +0 pearl dragon scales
rPois    .         Reflect  .   C - +0 helmet
rElec    .         Harm     .   T - +1 cloak {rCorr}
rCorr    +         Rampage  .   p - +0 pair of gloves
Will     +++..     Clarity  +   N - +2 pair of boots {Fly}
Stlth    ..........             V - amulet "Enuesijo" {Regen+ Dex+5}
HPRegen  1.44/turn              W - ring of the Mage {Wiz Will++ Int+3}
MPRegen  0.18/turn              P - ring "Zasezon" {rC+ Str+3 Int-4 Slay+4}

@: berserking (expiring), lethally poisoned (0 -> -3), flying, very quick
A: clarity, deformed body, fire resistance 1, robust 1
a: Renounce Religion, Heroism, Finesse


You were on level 12 of the Dungeon.
You worshipped Okawaru.
Okawaru was extremely pleased with you.
You visited 4 branches of the dungeon, and saw 21 of its levels.
You also visited: Ice Cave.

You collected 2032 gold pieces.
You spent 1784 gold pieces at shops.

Inventory:

Hand Weapons
 e - a +2 dagger of venom
 z - a +4 scimitar of flaming (weapon)
 F - a +4 scimitar
 J - a +4 great sword of holy wrath
 M - a +2 great sword of draining
Missiles
 m - 120 poisoned darts (quivered)
 E - a throwing net
Armour
 g - +0 pearl dragon scales (worn)
 l - a +0 buckler (worn)
 p - a +0 pair of gloves (worn)
 C - a +0 helmet (worn)
 N - a +2 pair of boots of flying (worn)
 T - a +1 cloak of preservation (worn)
Jewellery
 a - the ring of Fommiu {rN+ Int+4 Dex+6}
   (You acquired it on level 6 of the Dungeon)

   [ring of dexterity]

   Int:       It affects your intelligence (+4).
   Dex:       It affects your dexterity (+6).
   rN:        It protects you from negative energy.
 f - a ring of resist corrosion
 v - a ring of flight
 P - the ring "Zasezon" (right hand) {rC+ Str+3 Int-4 Slay+4}
   (You acquired it on level 3 of the Lair of Beasts)

   [ring of slaying]

   Str:       It affects your strength (+3).
   Int:       It affects your intelligence (-4).
   Slay:      It affects your accuracy & damage with ranged weapons and melee
   (+4).
   rC:        It protects you from cold.
 V - the amulet "Enuesijo" (around neck) {Regen+ Dex+5}
   (You bought it in a shop on level 2 of the Orcish Mines)

   [amulet of regeneration]

   Dex:       It affects your dexterity (+5).
   Regen:     It increases your rate of health regeneration.
 W - the ring of the Mage (left hand) {Wiz Will++ Int+3}
   (You bought it in a shop on level 2 of the Orcish Mines)

   [ring of wizardry]

   It improves your spell success rate.
   Int:       It affects your intelligence (+3).
   Will:      It greatly increases your willpower.
 X - a ring of poison resistance
Wands
 j - a wand of acid (32)
 s - a wand of iceblast (21)
 B - a wand of mindburst (38)
 H - a wand of charming (27)
 K - a wand of polymorph (18)
 L - a wand of paralysis (9)
Scrolls
 b - 3 scrolls of vulnerability
 c - 4 scrolls of amnesia
 d - 3 scrolls of noise
 i - 5 scrolls of teleportation
 k - 2 scrolls of magic mapping
 r - 2 scrolls of identify
 x - 5 scrolls of enchant armour
 A - a scroll of fog
 O - a scroll of brand weapon
 R - a scroll of enchant weapon
Potions
 n - 4 potions of degeneration
 o - 4 potions of brilliance
 q - 4 potions of resistance
 t - 5 potions of lignification
 u - 2 potions of attraction
 w - 3 potions of ambrosia
 D - a potion of cancellation
 G - 3 potions of haste
 I - 3 potions of invisibility
 Q - a potion of magic
 S - a potion of might
Miscellaneous
 y - a tin of tremorstones (2/2)
 U - a box of beasts


   Skills:
 + Level 12.0 Fighting
 - Level 7.1(12.1) Short Blades
 * Level 15.0(15.5) Long Blades
 - Level 2.0 Bows
 + Level 11.9 Armour
 + Level 11.0 Dodging
 - Level 4.0 Shields
 - Level 1.0 Spellcasting
 - Level 3.0 Hexes
 - Level 8.0 Invocations
 - Level 5.4 Evocations


You had 17 spell levels left.
You didn't know any spells.
Your spell library contained the following spells:

 Spells                   Type           Power      Damage    Failure   Level
 Corona                   Hex            8%         N/A       11%         1
 Slow                     Hex            8%         N/A       16%         2
 Ensorcelled Hibernation  Hex/Ice        8%         N/A       26%         2
 Tukima's Dance           Hex            8%         N/A       28%         3
 Static Discharge         Conj/Air       0%         N/A       45%         2
 Inner Flame              Hex/Fire       4%         N/A       45%         3
 Portal Projectile        Hex/Tloc       8%         N/A       45%         3
 Cause Fear               Hex            4%         N/A       65%         4
 Stone Arrow              Conj/Erth      0%         3d7       67%         3
 Passage of Golubria      Tloc           N/A        N/A       96%         4
 Summon Lightning Spire   Summ/Air       0%         N/A       96%         4
 Silence                  Hex/Air        2%         N/A       99%         5
 Bolt of Magma            Conj/Fire/Erth 0%         4d4       100%        5
 Lightning Bolt           Conj/Air       0%         1d11      100%        5
 Dragon Form              Tmut           0%         N/A       100%        7
 Malign Gateway           Summ/Tloc      0%         N/A       100%        7
 Storm Form               Tmut/Air       0%         N/A       100%        7
 Lehudib's Crystal Spear  Conj/Erth      0%         10d2      100%        8
 Maxwell's Capacitive Co  Air            0%         ∞         100%        8
 Summon Horrible Things   Summ           0%         N/A       100%        8
 Dragon's Call            Summ           0%         N/A       100%        9
 Shatter                  Erth           0%         3d5*      100%        9


Dungeon Overview and Level Annotations

Branches:
Dungeon (12/15)            Temple (1/1) D:6            Lair (6/6) D:9
  Swamp (0/4) Lair:2       Spider (0/4) Lair:3        Slime (0/5) Lair:5
    Orc (2/2) D:11            Elf (0/3) Orc:2         IceCv (visited)

Altars:
Ashenzari
Cheibriados
Dithmenos
Elyvilon
Fedhas
Gozag
Hepliaklqana
Kikubaaqudgha
Makhleb
Nemelex Xobeh
Okawaru
Qazlal
Ru
Sif Muna
Trog
Uskayaw
Vehumet
Wu Jian
Xom
Yredelemnul
Zin
The Shining One
Beogh
Jiyva

Shops:
D:5 *   D:8 ?   Orc:1 *   Orc:2 ([==

Annotations:
Lair:1 exclusion: oklob plant
Lair:3 exclusion: oklob plant
Lair:6 exclusion: obsidian statue


Innate Abilities, Weirdness & Mutations

You possess an exceptional clarity of mind.
Armour fits poorly on your strangely shaped body.
Your flesh is heat resistant. (rF+)
You are robust. (+10% HP)


Message History

* * * LOW HITPOINT WARNING * * *
The howler monkey closely misses you. The orange demon barely misses you.
Okay, then.
Okay, then.
Okay, then.
A red film seems to cover your vision as you go berserk!
You feel yourself moving faster!
You feel mighty!
You feel very sick. Frances hits you with a +0 flail!
* * * LOW HITPOINT WARNING * * *
The howler monkey closely misses you.
The red devil hits you from afar with a +0 trident of freezing.
* * * LOW HITPOINT WARNING * * *
Frances hits you with a +0 flail!
* * * LOW HITPOINT WARNING * * *
The orange demon closely misses you.
You slash Frances! You burn Frances.
Frances is almost dead.
* * * LOW HITPOINT WARNING * * *
You feel sick. The howler monkey closely misses you.
The red devil hits you but does no damage.
You slash Frances! You burn Frances.
You kill Frances!
Okawaru is honoured by your kill.
The orange demon disappears in a puff of smoke!
The red devil disappears in a puff of smoke!
The chaos spawn degenerates into a cloud of primal chaos!
* * * LOW HITPOINT WARNING * * *
You feel sick.
Your Long Blades skill increases to level 15!
Your Dodging skill increases to level 11!
You slice the howler monkey!! You burn the howler monkey.
You kill the howler monkey!
Okawaru accepts your kill.
* * * LOW HITPOINT WARNING * * *
You feel sick.
You are too berserk!
You are too berserk!
You are too berserk!
You die...

###...###
#....####..#
........#
#...........
........#
#...........
<...>...#
+...........
........#
#...........
........#
#....§......
........#
#....).§....
.......#######...†..#
###....##...##..@..§#
####†####...[†......#
............#(......#
............#.......#
............#.......#
............#.......#
#####################


There were no monsters in sight!

Vanquished Creatures
  Frances (D:12)
  A dire elephant (Lair:6)
  An ettin (Orc:2)
  8 hydras
  Harold (D:9)
  An anaconda (Lair:5)
  Erica (D:8)
  4 two-headed ogres
  11 death yaks
  An alligator (Lair:5)
  Urug (D:11)
  4 orc high priests
  A spectral dire elephant (Lair:6)
  A spectral death yak (Lair:6)
  A spectral anaconda (Lair:6)
  Sonja (Orc:1)
  2 bog bodies (Lair:2)
  A lindwurm (Lair:5)
  3 necromancers (Lair:6)
  9 orc knights
  A faun (Lair:3)
  10 orc sorcerers
  2 cyclopes
  An ugly thing (D:12)
  3 black mambas
  24 elephants
  An eye of devastation (shapeshifter) (D:8)
  11 cane toads
  2 torpor snails
  An unseen horror (D:11)
  12 komodo dragons
  8 rime drakes
  4 trolls
  2 spectral elephants (Lair:6)
  4 polar bears
  2 dream sheep (Lair:5)
  16 blink frogs
  3 redbacks (Lair:3)
  50 yaks
  A shadow (D:11)
  5 basilisks
  A dire elephant simulacrum (Lair:6)
  A wraith (D:12)
  2 vampires
  3 wyverns
  2 steam dragons
  4 vampire mosquitoes (D:12)
  Grum (D:11)
  Menkaure (D:3)
  4 wargs
  3 death yak simulacra (Lair:6)
  6 swamp worms
  An acid dragon (D:12)
  13 water moccasins
  30 orc warriors
  9 ogres
  A sky beast (D:3)
  4 centaurs
  68 wolves
  2 elephant skeletons (Lair:6)
  A phantom (D:5)
  A kobold brigand (D:9)
  15 bullfrogs
  4 scorpions
  A cane toad simulacrum (Lair:6)
  4 killer bees
  An elephant simulacrum (Lair:6)
  5 howler monkeys
  4 electric eels (Lair:2)
  2 centaur zombies
  A bullfrog zombie (D:5)
  9 hounds
  A jelly (D:4)
  18 orc priests
  A centaur skeleton (D:6)
  4 bullfrog skeletons
  Natasha (thrice) (D:3)
  5 iguanas
  17 orc wizards
  A killer bee zombie (D:7)
  2 hound skeletons (D:4)
  A howler monkey skeleton (D:7)
  A howler monkey zombie (D:6)
  11 adders
  A shadow imp (D:7)
  2 white imps
  An ufetubus (D:5)
  2 worms
  4 dart slugs
  95 orcs
  6 endoplasms
  8 giant cockroaches
  8 goblins
  9 hobgoblins
  6 jackals
  17 kobolds
  5 quokkas
  12 ball pythons
  5 bats
  6 frilled lizards
  7 rats
  A bush (D:9)
681 creatures vanquished.

Vanquished Creatures (collateral kills)
  An orc knight (D:11)
  2 orcs (D:11)
3 creatures vanquished.

Vanquished Creatures (others)
  An orc wizard (D:7)
  44 fungi
  141 plants
  15 withered plants (Lair:6)
201 creatures vanquished.

Grand Total: 885 creatures vanquished

Notes
Turn   | Place    | Note
-------+----------+-------------------------------------------
     0 | D:1      | HungrySpirit the Human Arcane Marksman began the quest for
                  | the Orb.
     0 | D:1      | Reached XP level 1. HP: 15/15 MP: 2/2
   223 | D:1      | Reached XP level 2. HP: 21/21 MP: 3/3
   433 | D:1      | Reached skill level 1 in Short Blades
   622 | D:1      | Reached XP level 3. HP: 26/27 MP: 4/4
  1266 | D:2      | Reached XP level 4. HP: 33/33 MP: 5/5
  1852 | D:3      | Noticed a sky beast
  2052 | D:3      | Killed a sky beast
  2053 | D:3      | Reached skill level 1 in Armour
  2053 | D:3      | Reached skill level 1 in Shields
  2053 | D:3      | Reached XP level 5. HP: 18/39 MP: 6/6
  2317 | D:3      | Noticed Natasha
  2353 | D:3      | Gained mutation: You are robust. (+10% HP) [potion of
                  | mutation]
  2353 | D:3      | Gained mutation: You possess an exceptional clarity of
                  | mind. [potion of mutation]
  2353 | D:3      | Gained mutation: Your flesh is heat resistant. (rF+)
                  | [potion of mutation]
  2367 | D:3      | Killed Natasha
  2418 | D:3      | Noticed Natasha
  2441 | D:3      | Found a faded altar of an unknown god.
  2750 | D:3      | Reached XP level 6. HP: 50/50 MP: 7/7
  3065 | D:3      | Killed Natasha
  3874 | D:3      | Noticed Natasha
  3884 | D:3      | Killed Natasha
  3913 | D:4      | Noticed Menkaure
  3930 | D:3      | Killed Menkaure
  3931 | D:3      | Reached XP level 7. HP: 18/57 MP: 8/8
  4805 | D:4      | Reached XP level 8. HP: 57/63 MP: 9/9
  5137 | D:5      | Entered Level 5 of the Dungeon
  5270 | D:5      | Reached skill level 5 in Short Blades
  5607 | D:5      | Found Goererch's Assorted Antiques.
  5617 | D:5      | Bought a scroll labelled JETROQ JATOMECW for 23 gold pieces
  5617 | D:5      | Bought a scroll labelled WEWEKHL AMEUPSY for 23 gold pieces
  5617 | D:5      | Bought a scroll labelled ONNOUTETUVI for 23 gold pieces
  5617 | D:5      | Bought a scroll labelled CEPUDYJ OQOT for 23 gold pieces
  5682 | D:5      | Noticed a yak
  5683 | D:5      | Noticed a yak
  5687 | D:5      | Noticed a yak
  5690 | D:5      | Noticed a yak
  5706 | D:5      | Killed a yak
  5748 | D:4      | Killed a yak
  6338 | D:5      | Found a shimmering blue altar of Sif Muna.
  6392 | D:5      | Reached XP level 9. HP: 68/72 MP: 10/10
  6963 | D:6      | Reached skill level 5 in Fighting
  7635 | D:6      | Reached skill level 1 in Long Blades
  7989 | D:6      | Found a staircase to the Ecumenical Temple.
  8024 | Temple   | Entered the Ecumenical Temple
  8138 | Temple   | Became a worshipper of Warmaster Okawaru
  8231 | D:6      | Reached skill level 2 in Long Blades
  8231 | D:6      | Reached skill level 5 in Armour
  8534 | D:7      | Reached skill level 3 in Long Blades
  8963 | D:6      | Identified a scroll of acquirement
  8963 | D:6      | Acquired the ring of Fommiu {rN+ Int+4 Dex+6}
  9217 | D:7      | Reached * piety under Okawaru
  9308 | D:7      | Reached XP level 10. HP: 81/83 MP: 11/11
  9410 | D:7      | Reached skill level 4 in Long Blades
  9429 | D:7      | Noticed a two-headed ogre
  9474 | D:7      | Killed a two-headed ogre
  9475 | D:7      | Reached skill level 5 in Long Blades
 10559 | D:8      | Noticed Erica
 10577 | D:8      | Killed Erica
 10577 | D:8      | Reached ** piety under Okawaru
 10578 | D:8      | Reached skill level 6 in Long Blades
 10578 | D:8      | Reached skill level 1 in Evocations
 10951 | D:8      | Found Eguecag's Magic Scroll Emporium.
 10959 | D:8      | Noticed a two-headed ogre
 11003 | D:8      | Killed a two-headed ogre
 11339 | D:8      | Bought a scroll of enchant armour for 97 gold pieces
 11339 | D:8      | Bought a scroll of fog for 26 gold pieces
 11339 | D:8      | Bought a scroll of magic mapping for 45 gold pieces
 11789 | D:8      | Noticed a two-headed ogre
 11833 | D:8      | HP: 3/86 [two-headed ogre (15)]
 11839 | D:8      | Killed a two-headed ogre
 11839 | D:8      | Reached *** piety under Okawaru
 11840 | D:8      | Reached skill level 7 in Long Blades
 11840 | D:8      | Reached XP level 11. HP: 16/92 MP: 12/12
 12629 | D:8      | Noticed a cyclops
 12629 | D:8      | a komodo dragon changed into a cyclops
 12666 | D:8      | Noticed a shining eye
 12669 | D:8      | Gained mutation: Armour fits poorly on your strangely
                  | shaped body. [a shining eye]
 12740 | D:8      | Reached skill level 5 in Dodging
 12992 | D:9      | Noticed Harold
 13094 | D:9      | Killed Harold
 13463 | D:8      | Reached **** piety under Okawaru
 13889 | D:8      | Reached skill level 8 in Long Blades
 14834 | D:9      | Found a staircase to the Lair.
 15249 | D:10     | Entered Level 10 of the Dungeon
 16140 | D:11     | Found a frozen archway.
 16154 | D:11     | Reached ***** piety under Okawaru
 16168 | D:11     | Acquired a ring of ice
 16225 | IceCv    | Entered an ice cave
 16289 | IceCv    | Reached XP level 12. HP: 26/101 MP: 13/13
 16667 | IceCv    | HP: 2/102 [ice statue] (5)]
 17111 | D:11     | Noticed Grum
 17125 | D:11     | Killed Grum
 17126 | D:11     | Reached skill level 9 in Long Blades
 17232 | D:11     | Found a broken altar of Ashenzari.
 17414 | D:11     | Found a staircase to the Orcish Mines.
 18052 | D:11     | Received a gift from Okawaru
 18293 | D:11     | Reached skill level 5 in Evocations
 18868 | D:11     | Noticed a four-headed hydra
 18874 | D:11     | Killed a one-headed hydra
 18875 | D:11     | Noticed Urug
 18904 | D:11     | Killed Urug
 19452 | D:12     | Reached skill level 10 in Long Blades
 19738 | Lair:1   | Entered Level 1 of the Lair of Beasts
 19768 | D:9      | Received a gift from Okawaru
 20071 | Lair:1   | Reached skill level 1 in Invocations
 20228 | Lair:1   | Noticed a five-headed hydra
 20239 | Lair:1   | Killed a one-headed hydra
 20600 | Lair:1   | Reached XP level 13. HP: 86/111 MP: 14/14
 20745 | Lair:1   | Received a gift from Okawaru
 20843 | Lair:1   | Found the +18 shield of the Gong {rElec rN+ Will+ EV-5}
 21570 | Lair:1   | Found a blossoming altar of Fedhas.
 22373 | Lair:2   | Reached skill level 11 in Long Blades
 23637 | Lair:2   | Found a staircase to the Swamp.
 25350 | Lair:3   | Found a hole to the Spider Nest.
 25545 | Lair:3   | Acquired the ring "Zasezon" {rC+ Str+3 Int-4 Slay+4}
 25599 | Lair:3   | Reached ****** piety under Okawaru
 25850 | Lair:3   | Reached skill level 5 in Invocations
 26101 | Lair:3   | Reached skill level 10 in Fighting
 26110 | Lair:3   | Received a gift from Okawaru
 26124 | Lair:3   | Reached XP level 14. HP: 121/121 MP: 17/17
 26174 | Lair:3   | Reached skill level 12 in Long Blades
 26249 | Lair:3   | Reached skill level 10 in Armour
 26839 | Lair:4   | You are sucked into a shaft and drop 1 floor!
 27898 | Lair:5   | Found a viscous altar of Jiyva.
 27898 | Lair:5   | Found a staircase to the Slime Pits.
 29059 | Lair:5   | HP: 2/122 [alligator (16)]
 29966 | Lair:5   | Reached skill level 13 in Long Blades
 30160 | Lair:5   | Received a gift from Okawaru
 30636 | Lair:5   | Reached XP level 15. HP: 57/128 MP: 18/20
 30947 | Lair:6   | Entered Level 6 of the Lair of Beasts
 32224 | Lair:6   | Reached skill level 10 in Dodging
 33562 | Lair:6   | Identified the +6 great mace "Ogreslayer" {vorpal, Will++
                  | Str-5 Int+5}
 33710 | Lair:6   | Reached skill level 14 in Long Blades
 34291 | Lair:6   | Received a gift from Okawaru
 34554 | Orc:1    | Entered Level 1 of the Orcish Mines
 35734 | Orc:1    | Found Baluerusk's CLEARANCE SALE! EVERYTHING MUST GO!.
 35883 | Orc:2    | Entered Level 2 of the Orcish Mines
 35886 | Orc:2    | Paralysed by an orc sorcerer for 2 turns
 36011 | Orc:2    | Noticed Sonja
 36030 | Orc:1    | Killed Sonja
 36923 | Orc:2    | Found a radiant altar of Vehumet.
 36950 | Orc:2    | Paralysed by an orc sorcerer for 4 turns
 37381 | Orc:1    | Reached XP level 16. HP: 121/139 MP: 20/22
 38016 | Orc:2    | Found a staircase to the Elven Halls.
 39750 | Orc:2    | Paralysed by an orc sorcerer for 5 turns
 39776 | Orc:2    | Found Jeucs's Armour Emporium.
 39782 | Orc:2    | Found Liolax's Jewellery Boutique.
 39784 | Orc:2    | Found Nuxtasoq's Antique Weapon Emporium.
 39785 | Orc:2    | Found Faqoph's Jewellery Boutique.
 39827 | Orc:2    | Bought the amulet "Enuesijo" {Regen+ Dex+5} for 807 gold
                  | pieces
 39840 | Orc:2    | Bought the ring of the Mage {Wiz Will++ Int+3} for 517 gold
                  | pieces
 39840 | Orc:2    | Found the ring of the Mage {Wiz Will++ Int+3}
 39840 | Orc:2    | Bought a ring of poison resistance for 200 gold pieces
 40027 | D:12     | Received a gift from Okawaru
 40035 | D:12     | Noticed Frances
 40057 | D:12     | HP: 4/208 [Frances (9)]
 40059 | D:12     | Killed Frances
 40060 | D:12     | Reached skill level 15 in Long Blades
 40060 | D:12     | HP: 1/208 [poisoned by an orange demon]
 40061 | D:12     | Succumbed to an orange demon's poison

Illustrated notes

Levels and vault maps discovered:
D:1:      saegor_arrival_simple_d, layout_loops_ring, lemuel_flame_loot_1
D:2:      layout_basic
D:3:      layout_loops_ring, hellmonk_ecumenical_altar_crossroads,
          serial_bayou_lagoon_a, dk_noncrumbling_3, minmay_misc_feat_encased,
          lexackson_kobold_supper, uniq_natasha
D:4:      minmay_chambers_of_twos, layout_rooms, minmay_distorted, uniq_menkaure
D:5:      layout_rooms, lemuel_blue_sif_altar, serial_shops, shop,
          portal_sewer_entry_e, enter_ossuary_5, minmay_misc_feat_tower,
          amcnicky_mini_corridor_feature, chequers_avenue
D:6:      layout_loops_cross, temple_statues
D:7:      layout_loops_cross, worms_lemuel
D:8:      layout_basic, serial_shops, nicolae_shop_stone, uniq_erica
D:9:      layout_big_octagon, david_lair_shrubbed, enter_bailey_4,
          minmay_crystal_room, kb_lookout_dungeons_type,
          minmay_unpleasant_kobolds, uniq_harold
D:10:     layout_rooms
D:11:     layout_loops_ring, david_orc_5, portal_ice_cave_rime,
          nicolae_ashenzari_skybound, uniq_urug, uniq_grum
D:12:     layout_gridville, serial_rivers, chequers_serial_rivers_marsh,
          chequers_serial_rivers_room_b, chequers_serial_rivers_small_b,
          chequers_serial_rivers_micro_b, chequers_serial_rivers_micro_c,
          kennysheep_boxes, uniq_frances
Temple:   kilobyte_greek_temple
Lair:1:   layout_long_grid, tgw_fedhas
Lair:2:   layout_gridlike, nicolae_swamp_entry_splash_gauntlet,
          guppyfry_lair_drakes
Lair:3:   layout_cave_shapes, spider_nest_entry_webs,
          grunt_forest_large_clearings, minmay_lair_oklob_chamber
Lair:4:   layout_misc_corridors
Lair:5:   nzn_winding_woodlands_medium [nzn_winding_woodlands_5x5_cross,
          nzn_winding_woodlands_5x15_crooked,
          nzn_winding_woodlands_5x5_perimeter, nzn_winding_woodlands_5x5_three,
          nzn_winding_woodlands_center_garden,
          nzn_winding_woodlands_5x5_default,
          nzn_winding_woodlands_5x5_checkerboard,
          nzn_winding_woodlands_5x15_parted,
          nzn_winding_woodlands_5x5_closed_star], layout_gridlike,
          slime_altar_1, lemuel_fruit_tree
Lair:6:   due_jungle_book, layout_misc_corridors
Orc:1:    layout_caves, nicolae_shop_clearance
Orc:2:    st_orc_elflike, layout_caves, basic_altar,
          nicolae_volcano_entry_lava_flow, uniq_sonja

Skill      XL: |  1  2  3  4  5  6  7  8  9 10 11 12 13 14 15 16 |
---------------+-------------------------------------------------+-----
Short Blades   | 1 2 3 4 6 7 |  7.1
Fighting       | 2 3 4 5 7 8 9 10 11 12 | 12.0
Armour         | 1 2 3 5 7 8 9 10 11 | 11.9
Dodging        | 3 4 6 7 8 9 10 11 | 11.0
Shields        | 1 2 3 4 |  4.0
Long Blades    | 3 7 8 10 11 13 14 15 | 15.0
Evocations     | 2 4 5 |  5.4
Invocations    | 2 5 7 8 |  8.0
Bows           | |  2.0
Spellcasting   | |  1.0
Hexes          | |  3.0

Action                   |  1- 3 |  4- 6 |  7- 9 | 10-12 | 13-15 | 16-18 || total
-------------------------+-------+-------+-------+-------+-------+-------++-------
Melee: Short sword       |    56 |       |       |       |       |       ||    56
       Dagger            |    19 |   238 |   641 |   556 |       |       ||  1454
       Scimitar          |       |       |       |   319 |  1352 |   278 ||  1949
 Fire: Shortbow          |    33 |       |       |       |       |       ||    33
Throw: Dart              |       |     7 |       |     5 |       |       ||    12
Invok: Heroism           |       |       |       |     9 |    13 |     1 ||    23
       Finesse           |       |       |       |       |       |     1 ||     1
Evoke: Wand              |       |       |       |     1 |     5 |       ||     6
  Use: Potion            |       |     4 |       |     9 |     3 |     1 ||    17
       Scroll            |       |       |    11 |     4 |    15 |       ||    30
 Stab: Paralysed         |       |       |       |       |     4 |       ||     4
Armor: Robe              |     3 |       |       |       |       |       ||     3
       Pearl dragon scal |    48 |   110 |   242 |   301 |   426 |    57 ||  1184
       Leather armour    |     1 |       |       |       |       |       ||     1
       Skin              |       |       |       |     1 |       |       ||     1
Dodge: Dodged            |    35 |    73 |   196 |   293 |   750 |   126 ||  1473
Block: Buckler           |       |    46 |   112 |   189 |   325 |    57 ||   729
       Rpst.: Scimitar   |       |       |       |    41 |   193 |    22 ||   256
